AoeStats
← Ux'RaúlME

Arabia

507296459Analyzed
1v1 RM · 15d ago on Sep 17, 2026· 19m 49s· 2 players
Game mode
Random Map
Map size
Tiny (2 player)
Population
200
Speed
Normal
Resources
Standard
Victory
Conquest
Starting age
Dark Age
Ending age
Imperial Age
RankedLock teamsTeams togetherTeam positionsShared explorationLock speedFull tech treeHidden civsTurbo modeCheats
Victory
Defeat
🇲🇽 Franks · Mexico
1336
+14
🇷🇺 Vikings · Russia
1302
-14
VeryGooD
6:55 Loom
9:14 Feudal Age
11:04 Double-Bit Axe
16:15 Fletching
20:43 Castle Age
19:03 Gold Mining
18:54 Horse Collar
Ux'RaúlME
6:36 Loom
9:16 Feudal Age
9:42 Double-Bit Axe
19:29 Castle Age
18:40 Padded Archer Armor
18:31 Fletching
19:43 Scale Barding Armor
20:24 Forging
Connection lost

Rejoining the realm…

Still unreachable

The connection could not be restored.

Session expired

The server has moved on; the page needs a fresh start.